 Dungeon Crawl Stone Soup version 0.22-a0-377-g846bec1 (webtiles) character file.

193 iamserjio the Charmwright (level 5, -2/38 HPs)
             Began as a Demonspawn Skald on Apr 27, 2018.
             Killed from afar by an orc wizard (3 damage)
             ... with a magic dart
             ... on level 3 of the Dungeon.
             The game lasted 00:09:58 (4575 turns).

iamserjio the Charmwright (Demonspawn Skald)        Turns: 4575, Time: 00:09:59

Health: -2/38      AC:  6    Str: 12    XL:     5   Next: 44%
Magic:  3/8        EV: 12    Int: 14    God:
Gold:   61         SH:  0    Dex: 13    Spells: 5/8 levels left

rFire    + . .     SeeInvis .   a - +0 mace
rCold    . . .     Gourm    .   (no shield)
rNeg     . . .     Faith    .   b - +0 leather armour
rPois    .         Spirit   .   (no helmet)
rElec    .         Reflect  .   (no cloak)
rCorr    .         Harm     .   i - +2 pair of gloves
MR       .....                  (no boots)
Stlth    ++........             (no amulet)
HPRegen  0.12/turn              (no ring)
MPRegen  0.11/turn              (no ring)

@: shrouded, infused
A: claws 1, fire resistance 1, nightstalker 1
a: no special abilities


You were on level 3 of the Dungeon.
You were very hungry.

You visited 1 branch of the dungeon, and saw 4 of its levels.

You collected 61 gold pieces.

Inventory:

Hand Weapons
 a - a +0 mace (weapon)
 m - a +0 dagger of speed
Armour
 b - a +0 leather armour (worn)
 i - a +2 pair of gloves (worn)
 j - a +0 ring mail
Scrolls
 e - a scroll of fog {unknown}
 f - 3 scrolls of immolation
 h - a scroll of enchant weapon {unknown}
 k - a scroll of identify {unknown}
Potions
 c - a potion of heal wounds {unknown}
 g - a potion of lignification
 n - a potion of agility {unknown}
Comestibles
 d - 9 rations


   Skills:
 - Level 2.0 Fighting
 * Level 3.5 Maces & Flails
 + Level 2.2 Armour
 - Level 1.7 Dodging
 - Level 2.0 Spellcasting
 * Level 4.1 Charms


You had 5 spell levels left.
You knew the following spells:

 Your Spells              Type           Power        Failure   Level  Hunger
a - Infusion              Chrm           ##..         5%          1    ##.....
b - Shroud of Golubria    Chrm/Tloc      #.........   19%         2    ###....


Dungeon Overview and Level Annotations

Branches:
Dungeon (4/15)
 Temple: D:4-7

Altars:
Xom


Innate Abilities, Weirdness & Mutations

You have sharp fingernails.
Your flesh is heat resistant. (rF+)
You are slightly more attuned to the shadows.


Message History

Casting: Shroud of Golubria (safe; 19% risk of failure)
Confirm with . or Enter, or press ? or * to list all spells.
Space distorts slightly along a thin shroud covering your body.
Something barely misses you.
Casting: Shroud of Golubria (safe; 19% risk of failure)
Confirm with . or Enter, or press ? or * to list all spells.
You begin infusing your attacks with magical energy.
You are feeling very hungry.
An orc wizard appears from thin air!
Reactivating autopickup.
The orc wizard points at you and mumbles some strange words.
The magic dart hits you!
* * * LOW HITPOINT WARNING * * *
You closely miss the orc wizard.
The orc wizard is heavily wounded.
The orc wizard hits you with a dagger.
* * * LOW HITPOINT WARNING * * *
The orc wizard casts a spell at you. The magic dart hits you!
You die...

##.###.. #######<#.#.# #
#..........# $# ##
#.#........# .#
.####.#†#......# .#
..........#...## .#
†####.#####...# .#.# ##
#.# #...####)#.# .#
#.#####....)@oo#.# .#
#........#######.# .##
#####.†...## #.## ..##
##.......## #..##
...####.........####...##
......+.........'....#..#
...####.........####...##
..## ##.......## ##.##
.## ##.....## #.#


You could see an orc wizard and an orc.

Vanquished Creatures
  2 orc wizards (D:3)
  A hound zombie (D:2)
  4 adders
  An ooze (D:1)
  A worm (D:2)
  A dart slug (D:1)
  3 leopard geckos
  4 orcs (D:3)
  3 giant cockroaches (D:2)
  7 goblins
  6 hobgoblins
  6 jackals
  9 kobolds
  2 quokkas (D:2)
  A ball python (D:2)
  11 bats
  3 frilled lizards
  9 rats
74 creatures vanquished.

Notes
Turn   | Place    | Note
-------+----------+-------------------------------------------
     0 | D:1      | iamserjio the Demonspawn Skald began the quest for the Orb.
     0 | D:1      | Reached XP level 1. HP: 16/16 MP: 3/3
    12 | D:1      | Reached skill level 1 in Armour
   353 | D:1      | Gained mutation: Your flesh is heat resistant. (rF+) [demonic ancestry]
   353 | D:1      | Reached XP level 2. HP: 22/22 MP: 0/5
   478 | D:1      | Reached skill level 3 in Charms
  1539 | D:2      | Learned a level 2 spell: Shroud of Golubria
  1553 | D:2      | Reached XP level 3. HP: 19/27 MP: 1/6
  1776 | D:2      | HP: 1/27 [poisoned by an adder]
  2206 | D:2      | Gained mutation: You have sharp fingernails. [demonic ancestry]
  2206 | D:2      | Reached XP level 4. HP: 5/33 MP: 1/7
  3214 | D:2      | Found a shimmering altar of Xom.
  4109 | D:3      | Gained mutation: You are slightly more attuned to the shadows. [demonic ancestry]
  4109 | D:3      | Reached XP level 5. HP: 38/38 MP: 4/8
  4155 | D:3      | Reached skill level 4 in Charms
  4575 | D:3      | HP: 1/38 [orc wizard/dagger (4)]
  4575 | D:3      | Killed from afar by an orc wizard

Vault maps used:
D:1:      enne_arrival_octagon_isle, hangedman_abyss_or_decor_stabs,
          palyth_stone_intersect
D:2:      first_ration, tgw_xom
D:3:      minmay_misc_feat_roman
D:4:      uniq_sigmund

Skill      XL: |  1  2  3  4  5 |
---------------+----------------+-----
Armour         | 1 2 |  2.2
Maces & Flails | 2 3 |  3.5
Charms         | 3 4 |  4.1
Fighting       | |  2.0
Dodging        | |  1.7
Spellcasting   | |  2.0

Action                   |  1- 3 |  4- 6 || total
-------------------------+-------+-------++-------
Melee: Mace              |   107 |   191 ||   298
 Cast: Infusion          |     9 |    14 ||    23
       Shroud of Golubri |     1 |     4 ||     5
  Use: Scroll            |       |     3 ||     3
       Potion            |       |     1 ||     1
 Stab: Sleeping          |     1 |     2 ||     3
  Eat: Chunk             |     4 |     8 ||    12
Armor: Leather armour    |    44 |    65 ||   109
       Skin              |       |    28 ||    28
Dodge: Dodged            |    71 |   119 ||   190

Table legend:
 A = Spawn XP
 B = Non-spawn XP
 C = Spawn XP percentage of total XP
 D = Spawn monster count
 E = Non-spawn monster count
 F = Spawn count percentage of total count
 G = Total turns spent on level
                    A         B        C        D         E        F      G
               +---------+---------+-------+---------+---------+-------+---------
         Total |       0 |     277 |   0.0 |       0 |      74 |   0.0 |  4575
               +---------+---------+-------+---------+---------+-------+---------
           D:1 |       0 |      33 |   0.0 |       0 |      16 |   0.0 |  1431
           D:2 |       0 |     108 |   0.0 |       0 |      31 |   0.0 |  2048
           D:3 |       0 |     136 |   0.0 |       0 |      27 |   0.0 |  1021
               +---------+---------+-------+---------+---------+-------+---------
